 Seeded DCSS version 0.25.1-8-g42b30a86e7 (webtiles) character file.

Game seed: 20201210 (custom seed)

3038 radhat240 the Magician (level 9, -13/45 HPs)
             Began as a Deep Elf Earth Elementalist on Dec 18, 2020.
             Was a Believer of Vehumet.
             Shot with a sling bullet by Joseph (19 damage)
             ... on level 8 of the Dungeon.
             The game lasted 00:44:48 (8779 turns).

radhat240 the Magician (DEEE)                       Turns: 8779, Time: 00:44:50

Health: -13/45     AC:  8    Str:  6    XL:     9   Next: 56%
Magic:  20/22      EV: 15    Int: 24    God:    Vehumet [**....]
Gold:   339        SH:  0    Dex: 15    Spells: 4/23 levels left

rFire    . . .     SeeInvis .   t - +8 dagger "Nayrioqem" {elec, rElec rN+++ Str-5 Stlth+}
rCold    . . .     Gourm    .   (no shield)
rNeg     + + +     Faith    .   c - +1 robe
rPois    .         Spirit   .   (no helmet)
rElec    +         Reflect  .   (no cloak)
rCorr    .         Harm     .   n - +1 pair of gloves
MR       .....                  g - +2 pair of boots
Stlth    ++++......             h - amulet of regeneration
HPRegen  0.55/turn              f - +6 ring of strength
MPRegen  0.18/turn              (no ring)

@: no status effects
A: no striking features
a: Renounce Religion


You were on level 8 of the Dungeon.
You worshipped Vehumet.
Vehumet was pleased with you.
You were not hungry.

You visited 2 branches of the dungeon, and saw 9 of its levels.
You also visited: Sewer.

You collected 339 gold pieces.

Inventory:

Hand Weapons
 j - a +4 dagger
 t - the +8 dagger "Nayrioqem" (weapon) {elec, rElec rN+++ Str-5 Stlth+}
   (You found it on level 5 of the Dungeon)

   Occasionally, upon striking a foe, it will discharge some electrical energy
   and cause terrible harm.
   It affects your strength (-5).
   It insulates you from electricity.
   It renders you almost immune to negative energy.
   It makes you more stealthy.
Missiles
 b - 122 stones (quivered)
Armour
 c - a +1 robe (worn)
 g - a +2 pair of boots (worn)
 n - a +1 pair of gloves (worn)
Jewellery
 f - a +6 ring of strength (left hand)
 h - an amulet of regeneration (around neck)
 o - an uncursed ring of protection from fire
Scrolls
 e - 3 scrolls of amnesia
 k - 7 scrolls of teleportation
 m - 4 scrolls of remove curse {unknown}
 p - a scroll of immolation {unknown}
 q - 3 scrolls of blinking {unknown}
 r - 2 scrolls of fear {unknown}
 x - a scroll of magic mapping {unknown}
 y - 2 scrolls of identify
 z - a scroll of noise {unknown}
Potions
 a - 2 potions of curing {unknown}
 i - a potion of brilliance {unknown}
 l - 2 potions of haste {unknown}
 s - 2 potions of ambrosia {unknown}
 v - 2 potions of magic {unknown}
 w - 2 potions of might {unknown}
Comestibles
 d - 18 rations


   Skills:
 + Level 5.6 Dodging
 + Level 6.1 Stealth
 * Level 7.7 Spellcasting
 * Level 5.0 Conjurations
   Level 2.0 Summonings
 * Level 2.5 Translocations
 * Level 5.4 Transmutations
 * Level 4.9 Fire Magic
 * Level 6.9 Earth Magic


You had 4 spell levels left.
You knew the following spells:

 Your Spells              Type           Power        Failure   Level  Hunger
a - Sandblast             Erth           #####.       1%          1    None
b - Passwall              Tmut/Erth      #####...     1%          2    None
c - Stone Arrow           Conj/Erth      #####.       1%          3    None
d - Petrify               Tmut/Erth      #####...     5%          4    ###....
e - Foxfire               Conj/Fire      ####         1%          1    None
f - Lee's Rapid Deconstr  Erth           #####.....   11%         5    #####..
g - Searing Ray           Conj           ####..       1%          2    None
i - Apportation           Tloc           ###...       2%          1    None

Your spell library contained the following spells:

 Spells                   Type           Power        Failure   Level  Hunger
 Summon Small Mammal      Summ           ###.         3%          1    None
 Animate Skeleton         Necr           N/A          7%          1    None
 Corona                   Hex            #......      7%          1    None


Dungeon Overview and Level Annotations

Branches:
Dungeon (8/15)             Temple (1/1) D:6           Sewer (visited)
   Lair: D:8-11

Altars:
Ashenzari
Dithmenos
Elyvilon
Fedhas
Gozag
Hepliaklqana
Kikubaaqudgha
Makhleb
Nemelex Xobeh
Okawaru
Qazlal
Ru
Sif Muna
Trog
Uskayaw
Vehumet
Wu Jian
Xom
Yredelemnul
Zin
The Shining One

Annotations:
D:8 Joseph


Message History

Casting: Foxfire (safe; 1% risk of failure)
Confirm with . or Enter, or press ? or * to list all spells.
You conjure some foxfire!
Casting: Foxfire (safe; 1% risk of failure)
Confirm with . or Enter, or press ? or * to list all spells.
You conjure some foxfire!
The foxfire hits Joseph!
Joseph is lightly wounded.
The foxfire hits Joseph but does no damage.
Joseph is lightly wounded.
The foxfire hits Joseph.
Joseph is lightly wounded.
Okay, then.
The foxfire hits Joseph.
Joseph is moderately wounded.
The foxfire hits Joseph.
Joseph is moderately wounded.
The foxfire hits Joseph.
Joseph is moderately wounded.
Joseph shoots a sling bullet.
The sling bullet hits you!!
You die...

.......(..........
#.#..............
##..?.......(.....
#......$..<...>...
#...............
###..§@.........
###§(.#........
###..§§..........
#..@(§...........
#..#§§............
....
#...######.....
...< ..### #.#.
.8. ...# .. ....#
. .8...# .....##


You could see Joseph.

Vanquished Creatures
  Harold (D:7)
  Pikel (D:5)
  A hippogriff (D:7)
  An ice beast (D:5)
  An orc warrior (D:6)
  A black bear (D:7)
  2 ogres
  A centaur (D:6)
  2 bullfrogs
  4 killer bees (D:6)
  4 crimson imps
  A jelly (D:5)
  A quasit (D:7)
  2 hounds (D:5)
  4 orc wizards
  2 orc priests
  A bullfrog skeleton (D:5)
  An iguana (D:5)
  5 worker ants
  4 gnolls
  8 adders
  A shadow imp (D:7)
  An ooze (D:2)
  2 adder skeletons
  5 worms
  3 dart slugs
  5 leopard geckos
  15 orcs
  6 ball pythons (Sewer)
  6 bats (D:1)
  8 giant cockroaches
  6 goblins
  14 hobgoblins
  8 jackals
  8 frilled lizards
  13 kobolds
  A leopard gecko skeleton (D:5)
  12 rats
  4 plants (Sewer)
166 creatures vanquished.

Vanquished Creatures (others)
  69 foxfires
69 creatures vanquished.

Grand Total: 235 creatures vanquished

Notes
Turn   | Place    | Note
-------+----------+-------------------------------------------
     0 | D:1      | radhat240 the Deep Elf Earth Elementalist began the quest
                  | for the Orb.
     0 | D:1      | Reached XP level 1. HP: 10/10 MP: 6/6
   160 | D:1      | Reached XP level 2. HP: 15/15 MP: 4/8
   169 | D:1      | Learned a level 2 spell: Passwall
   399 | D:1      | Reached XP level 3. HP: 19/19 MP: 7/10
   406 | D:1      | Learned a level 3 spell: Stone Arrow
  1174 | D:2      | Reached XP level 4. HP: 24/24 MP: 8/11
  1180 | D:2      | Learned a level 4 spell: Petrify
  1402 | D:2      | Found a radiant altar of Vehumet.
  1403 | D:2      | Found a basalt altar of Yredelemnul.
  1404 | D:2      | Found a shadowy altar of Dithmenos.
  1410 | D:2      | Became a worshipper of Vehumet
  1519 | D:2      | Reached skill level 4 in Spellcasting
  2162 | D:3      | Reached XP level 5. HP: 28/28 MP: 1/13
  3149 | D:4      | Reached * piety under Vehumet
  3149 | D:4      | Offered knowledge of Foxfire by Vehumet.
  3153 | D:4      | Learned a level 1 spell: Foxfire
  3295 | D:4      | Noticed a moth of wrath
  3298 | D:4      | Found a bloodstained altar of Trog.
  3579 | D:5      | Entered Level 5 of the Dungeon
  3856 | D:5      | Reached skill level 1 in Conjurations
  3856 | D:5      | Reached XP level 6. HP: 32/32 MP: 7/15
  3880 | D:5      | Noticed an ice beast
  3959 | D:5      | Reached skill level 5 in Spellcasting
  3959 | D:5      | Reached skill level 1 in Fire Magic
  4014 | D:5      | Killed an ice beast
  4014 | D:5      | Reached skill level 5 in Earth Magic
  4029 | D:5      | Reached XP level 7. HP: 34/36 MP: 7/17
  4423 | D:5      | Noticed Pikel
  4522 | D:5      | Killed Pikel
  4522 | D:5      | Reached skill level 5 in Stealth
  4522 | D:5      | Reached skill level 6 in Spellcasting
  4522 | D:5      | Reached XP level 8. HP: 27/41 MP: 3/19
  4845 | D:5      | Got a faintly glowing dagger
  4846 | D:5      | Identified the +8 dagger "Nayrioqem" {elec, rElec rN+++
                  | Str-5 Stlth+} (You found it on level 5 of the Dungeon)
  5113 | D:6      | Found a staircase to the Ecumenical Temple.
  5127 | D:6      | Found a glowing drain.
  5215 | Sewer    | Entered a sewer
  5442 | Sewer    | Learned a level 5 spell: Lee's Rapid Deconstruction
  6275 | D:6      | Found a shattered altar of Ashenzari.
  6522 | D:6      | Reached skill level 5 in Dodging
  6558 | D:6      | Offered knowledge of Searing Ray by Vehumet.
  6575 | Temple   | Entered the Ecumenical Temple
  6579 | Temple   | Learned a level 2 spell: Searing Ray
  7075 | D:6      | Found an ancient bone altar of Kikubaaqudgha.
  7102 | D:6      | Learned a level 1 spell: Summon Small Mammal
  7104 | D:6      | Learned a level 1 spell: Apportation
  7123 | D:6      | Reached skill level 7 in Spellcasting
  7125 | D:6      | Reached ** piety under Vehumet
  7434 | D:7      | Noticed Harold
  7447 | D:7      | Killed Harold
  7447 | D:7      | Reached skill level 5 in Transmutations
  7447 | D:7      | Reached XP level 9. HP: 27/45 MP: 0/22
  8167 | D:7      | Reached skill level 5 in Conjurations
  8233 | D:7      | Found a sacrificial altar of Ru.
  8279 | D:7      | Found a white marble altar of Elyvilon.
  8768 | D:8      | Noticed Joseph
  8779 | D:8      | Shot with a sling bullet by Joseph

Illustrated notes

Levels and vault maps discovered:
D:1:      dpeg_arrival_snail, layout_basic
D:2:      layout_basic, chequers_temple_overflow_statue_of_worship,
          minmay_hedge_maze, minmay_misc_feat_five
D:3:      layout_basic
D:4:      layout_loops_ring, tgw_trog, first_ration, minmay_distorted
D:5:      layout_basic, kennysheep_nub, minmay_fractal_squares_diagonal_5,
          uniq_pikel
D:6:      layout_loops_ring, kennysheep_mini_moat,
          minmay_temple_entry_overgrown, gup_sewer_entry_glass,
          cheibrodos_ashenzari_chains
D:7:      layout_layer_cave, nicolae_overflow_crystal_walls,
          lemuel_doored_altar, uniq_harold
D:8:      layout_rooms, enter_bailey_6, uniq_joseph
Temple:   eino_narrow_crystal_temple

Skill      XL: |  1  2  3  4  5  6  7  8  9 |
---------------+----------------------------+-----
Stealth        | 3 4 5 6 |  6.1
Dodging        | 3 4 5 |  5.6
Earth Magic    | 4 5 6 |  6.9
Spellcasting   | 4 5 6 7 |  7.7
Conjurations   | 1 2 3 4 5 |  5.0
Fire Magic     | 1 2 4 |  4.9
Transmutations | 2 3 5 |  5.4
Summonings     | 2 |  2.0
Translocations | 2 |  2.5

Action                   |  1- 3 |  4- 6 |  7- 9 || total
-------------------------+-------+-------+-------++-------
Melee: Unarmed           |     1 |       |       ||     1
       Dagger            |       |    12 |    55 ||    67
 Cast: Sandblast         |    51 |    72 |    26 ||   149
       Stone Arrow       |     1 |     3 |    68 ||    72
       Foxfire           |       |    22 |    20 ||    42
       Searing Ray       |       |       |     4 ||     4
       Petrify           |       |       |     4 ||     4
       Lee's Rapid Decon |       |       |     3 ||     3
  Use: Scroll            |     3 |     2 |     2 ||     7
 Stab: Sleeping          |       |     3 |     1 ||     4
       Petrified         |       |       |     4 ||     4
  Eat: Chunk             |     1 |     2 |     7 ||    10
       Ration            |       |     2 |     3 ||     5
Armor: Robe              |     3 |    12 |    14 ||    29
Dodge: Dodged            |     6 |    48 |    44 ||    98
